 Dungeon Crawl Stone Soup version 0.29-a0-520-gc852659d43 (webtiles) character file.

Game seed: 16191653314125623848

72 bande the Covered (level 4, -1/29 HPs)
             Began as a Gargoyle Fighter on May 31, 2022.
             Slain by a gnoll
             ... wielding a +0 club
              (3 damage)
             ... on level 2 of the Dungeon.
             The game lasted 00:02:11 (1680 turns).

bande the Covered (Gargoyle Fighter)                Turns: 1680, Time: 00:02:12

Health: -1/29      AC: 10    Str: 19    XL:     4   Next: 25%
Magic:  4/4        EV:  9    Int:  9    God:
Gold:   66         SH:  4    Dex: 11    Spells: 3/3 levels left

rFire   . . .      SeeInvis .   a - +0 war axe
rCold   . . .      Faith    .   c - +0 buckler
rNeg    + . .      Spirit   .   b - +0 scale mail
rPois   ∞          Reflect  .   (no helmet)
rElec   +          Harm     .   (no cloak)
rCorr   .          Rampage  .   (no gloves)
Will    .....                   (no boots)
Stlth   ..........              (no amulet)
HPRegen 0.09/turn               (no ring)
MPRegen 0.09/turn               (no ring)

@: no status effects
A: sickness immunity, AC +3, negative energy resistance 1, electricity
resistance, torment resistance 1, petrification resistance
a: no special abilities


You were on level 2 of the Dungeon.
You visited 1 branch of the dungeon, and saw 2 of its levels.

You collected 66 gold pieces.

Inventory:

Hand Weapons
 a - a +0 war axe (weapon)
Armour
 b - a +0 scale mail (worn)
 c - a +0 buckler (worn)
Jewellery
 i - a ring of magical power
 k - an amulet of magic regeneration
Scrolls
 l - a scroll of magic mapping
Potions
 d - a potion of might
 e - a potion of flight {unknown}
 f - a potion of attraction {unknown}
 g - a potion of curing {unknown}
 h - a potion of degeneration {unknown}
 j - a potion of magic {unknown}
 m - a potion of heal wounds {unknown}


   Skills:
 + Level 3.7 Fighting
 + Level 2.7 Axes
 + Level 3.9 Armour
 - Level 0.2 Dodging
 + Level 3.7 Shields


You had 3 spell levels left.
You didn't know any spells.
Your spell library contained the following spells:

 Spells                   Type           Power      Damage    Failure   Level
 Ensorcelled Hibernation  Hex/Ice        0%         N/A       93%         2
 Passwall                 Tmut/Erth      0%         N/A       93%         2
 Swiftness                Air            0%         N/A       99%         3


Dungeon Overview and Level Annotations

Branches:
Dungeon (2/15)

Altars:


Innate Abilities, Weirdness & Mutations

You are immune to sickness and miasma.
Your stone body is resilient. (AC +3)
You are immune to poison.
You resist negative energy. (rN+)
You are resistant to electric shocks. (rElec)
You are resistant to unholy torment.
You are immune to petrification.


Message History

The gnoll is severely wounded.
You slash the gnoll! The gnoll hits you with a +0 flail!
You block the gnoll's attack. The gnoll hits you with a +0 flail.
The gnoll closely misses you.
You closely miss the gnoll.
The gnoll is heavily wounded.
You barely miss the gnoll.
The gnoll hits you but does no damage. x2
You slash the gnoll!
You kill the gnoll!
You barely miss the gnoll. The gnoll hits you with a +0 flail.
You are too injured to fight recklessly!
You are too injured to fight recklessly!
You are too injured to fight recklessly!
You are too injured to fight recklessly!
You are too injured to fight recklessly!
You are too injured to fight recklessly!
You are too injured to fight recklessly!
Unknown command.
The gnoll hits you with a +0 flail. The gnoll hits you with a +0 club.
* * * LOW HITPOINT WARNING * * *
Things that are here:
a +0 flail; a gnoll corpse You slash the gnoll!
The gnoll is severely wounded.
You closely miss the gnoll. The gnoll barely misses you.
The gnoll hits you with a +0 club.
* * * LOW HITPOINT WARNING * * *
The gnoll hits you but does no damage. The gnoll barely misses you.
You hit the gnoll.
The gnoll is severely wounded.
You barely miss the gnoll. You block the gnoll's attack.
The gnoll hits you but does no damage.
Unknown command.
You barely miss the gnoll.
The gnoll is severely wounded.
You hit the gnoll but do no damage. The gnoll hits you with a +0 flail.
* * * LOW HITPOINT WARNING * * *
The gnoll hits you but does no damage. The gnoll barely misses you.
The gnoll hits you with a +0 club.
You die...

######...##### #.......#
###.....# #.....####
##........# ####
#....#....# ####### #...
#....#....# #.....# #...
#..(.#....# #.....# #...
#....#.@g.# #.<...###[..
##....#.g..###........(..
#.............###........
#.....###.....# #......##
#.##### #..[..# #......#
#.#*****#.....#*#......#*
#.#*,,,..................
#.#*<,.............###...
#.#*,.....###......# #...


You could see 2 gnolls.

Vanquished Creatures
  2 adders (D:2)
  A gnoll (D:2)
  7 endoplasms
  4 giant cockroaches
  2 goblins (D:1)
  3 hobgoblins (D:1)
  4 ball pythons
  5 bats
  2 frilled lizards
  6 kobolds
  6 rats
42 creatures vanquished.

Vanquished Creatures (others)
  A withered plant (D:1)
1 creature vanquished.

Grand Total: 43 creatures vanquished

Notes
Turn   | Place    | Note
-------+----------+-------------------------------------------
     0 | D:1      | bande the Gargoyle Fighter began the quest for the Orb.
     0 | D:1      | Reached XP level 1. HP: 14/14 MP: 1/1
    51 | D:1      | You fall into a shaft and drop 1 floor!
    82 | D:1      | Reached XP level 2. HP: 11/19 MP: 2/2
   624 | D:1      | Found a faded altar of an unknown god.
   978 | D:1      | Reached XP level 3. HP: 23/23 MP: 3/3
  1457 | D:2      | Reached XP level 4. HP: 29/29 MP: 4/4
  1680 | D:2      | Slain by a gnoll

Illustrated notes

Levels and vault maps discovered:
D:1:      dpeg_arrival_short_road, layout_basic,
          shapermc_ecumenical_altar_flowoftime
D:2:      layout_basic, patterned_corridor

Skill      XL: |  1  2 |
---------------+-------+-----
Axes           | 2 |  2.7
Fighting       | |  3.7
Armour         | |  3.9
Dodging        | |  0.2
Shields        | |  3.7

Action                   |  1- 3 |  4- 6 || total
-------------------------+-------+-------++-------
Melee: War axe           |    98 |    12 ||   110
  Use: Scroll            |     2 |     1 ||     3
Armor: Scale mail        |    73 |     8 ||    81
Dodge: Dodged            |    62 |     5 ||    67
Block: Buckler           |    26 |     3 ||    29

Table legend: (Time is in decaauts)
 A = Elapsed time spent in this place.
 B = Non-inter-level travel time spent in this place.
 C = Inter-level travel time spent in this place.
 D = Time resting spent in this place.
 E = Time spent auto-exploring this place.
 F = Levels seen in this place.
 G = Mean time per level.
                   A        B        C        D        E       F      G
               +--------+--------+--------+--------+--------+-----+--------+
         Total |   1727 |   1727 |      0 |    126 |   1294 |   2 |  863.5 |
       Dungeon |   1727 |   1727 |      0 |    126 |   1294 |   2 |  863.5 |
               +--------+--------+--------+--------+--------+-----+--------+

Top non-repeatable levels by time:
     D:1: 1006 daAuts
     D:2: 721 daAuts
